AoeStats
← Tyler8274

Black Forest

510048735Analyzed
2v2 RM · 3d ago on Sep 29, 2026· 70m 1s· 4 players
Game mode
Random Map
Map size
Medium (4 player)
Population
200
Speed
Normal
Resources
Standard
Victory
Conquest
Starting age
Dark Age
Ending age
Imperial Age
RankedLock teamsTeams togetherTeam positionsShared explorationLock speedFull tech treeHidden civsTurbo modeCheats
Victory
Defeat
🇹🇼 Teutons · Taiwan
892
+14
🇷🇴 Persians · Romania
807
+16
🇺🇸 Slavs · United States
833
-39
🇺🇸 Goths · United States
833
-39
Tyler8274
2:47 Loom
12:56 Feudal Age
14:41 Double-Bit Axe
18:56 Castle Age
16:45 Horse Collar
20:48 Heavy Plow
21:00 Bow Saw
24:45 Wheelbarrow
29:31 Scale Mail Armor
29:42 Forging
29:52 Hand Cart
31:26 Chain Mail Armor
31:46 Iron Casting
31:30 Anarchy
33:53 Squires
37:28 Imperial Age
39:19 Blast Furnace
37:41 Elite Huskarl
38:22 Perfusion
39:36 Conscription
42:50 Two-Man Saw
42:22 Crop Rotation
41:46 Gold Mining
47:08 Pikeman
47:34 Pikeman
47:53 Halberdier
50:47 Chemistry
50:12 Ballistics
52:09 Onager
56:23 Town Watch
Milo Thatch
7:40 Loom
13:10 Feudal Age
14:11 Horse Collar
17:48 Man-at-Arms
24:22 Fletching
24:32 Padded Archer Armor
27:07 Castle Age
27:59 Bodkin Arrow
28:38 Gold Mining
28:29 Crossbowman
28:54 Elite Skirmisher
31:30 Leather Archer Armor
30:45 Long Swordsman
31:30 Scale Mail Armor
36:49 Forging
36:55 Chain Mail Armor
39:43 Iron Casting
41:25 Stone Mining
42:11 Gold Shaft Mining
41:23 Double-Bit Axe
43:33 Bow Saw
43:28 Heavy Plow
47:32 Imperial Age
46:08 Pikeman
48:34 Detinets
50:12 Ring Archer Armor
50:42 Blast Furnace
50:13 Ballistics
49:40 Elite Boyar
51:45 Wheelbarrow
51:26 Scale Barding Armor
52:53 Bloodlines
52:44 Husbandry
54:23 Two-Man Saw
54:03 Crop Rotation
59:28 Chain Barding Armor
59:38 Plate Mail Armor
68:25 Chemistry
67:37 Masonry
70:07 Plate Barding Armor
ak47 LuKYaN
0:46 Loom
13:27 Feudal Age
15:40 Wheelbarrow
15:01 Double-Bit Axe
18:49 Horse Collar
21:11 Gold Mining
21:12 Stone Mining
25:06 Castle Age
25:22 Castle Age
26:38 Hand Cart
27:05 Bow Saw
28:40 Forging
28:30 Scale Mail Armor
30:55 Chain Mail Armor
31:16 Iron Casting
33:30 Gold Shaft Mining
33:31 Stone Shaft Mining
33:25 Scale Barding Armor
33:20 Padded Archer Armor
33:11 Fletching
33:54 Town Watch
36:28 Husbandry
39:11 Imperial Age
36:45 Town Patrol
36:54 Caravan
39:13 Heavy Plow
39:52 Elite War Elephant
40:44 Citadels
40:36 Kamandaran
42:49 Two-Man Saw
43:01 Crop Rotation
42:29 Pikeman
43:09 Squires
44:44 Cavalier
45:05 Crossbowman
45:53 Halberdier
47:02 Thumb Ring
50:04 Blast Furnace
49:34 Plate Mail Armor
49:26 Chain Barding Armor
49:22 Leather Archer Armor
48:57 Fletching
49:36 Savar
52:59 Chemistry
56:04 Plate Barding Armor
56:00 Ring Archer Armor
55:26 Bodkin Arrow
56:23 Masonry
56:08 Heated Shot
57:01 Hoardings
56:51 Conscription
56:24 Arson
Takodachi
1:21 Loom
10:18 Feudal Age
11:19 Town Watch
22:50 Double-Bit Axe
23:37 Stone Mining
31:01 Horse Collar
35:09 Castle Age
36:27 Guard Tower
37:59 Masonry
40:54 Wheelbarrow
40:34 Gambesons
40:11 Man-at-Arms
41:28 Bow Saw
41:27 Long Swordsman
42:03 Gold Mining
44:38 Squires
44:55 Heavy Plow
46:58 Scale Mail Armor
48:25 Arson
49:03 Chain Mail Armor
49:35 Forging
51:10 Iron Casting
54:20 Imperial Age
52:56 Iron Casting
53:41 Town Patrol
53:59 Hand Cart
54:24 Elite Teutonic Knight
55:27 Conscription
56:19 Blast Furnace
55:52 Plate Mail Armor
56:19 Crop Rotation
64:50 Ironclad
65:06 Fletching
65:55 Town Patrol
66:28 Ironclad
68:38 Chemistry
69:29 Caravan
Connection lost

Rejoining the realm…

Still unreachable

The connection could not be restored.

Session expired

The server has moved on; the page needs a fresh start.